 Dungeon Crawl Stone Soup version 0.17.0-18-gaab0e96 (webtiles) character file.

1813826 inmateoo the Sensei (level 26, 193/234 HPs)
             Began as a Mottled Draconian Transmuter on Nov 10, 2015.
             Was the Champion of Makhleb.
             Escaped with the Orb
             ... and 3 runes on Nov 11, 2015!
             The game lasted 03:40:46 (59844 turns).

inmateoo the Sensei (Mottled Draconian Transmuter) Turns: 59844, Time: 03:40:46

Health: 193/234    AC: 19    Str: 15    XL:     26   Next: 84%
Magic:  36/39      EV: 30    Int: 14    God:    Makhleb [******]
Gold:   2586       SH:  0    Dex: 21    Spells: 12 memorised, 15 levels left

rFire  + + .     SeeInvis .       - Unarmed
rCold  + . .     Clarity  +     (armour unavailable)
rNeg   . . .     SustAt   .     (no shield)
rPois  +         Gourm    .     (helmet restricted)
rElec  +         Spirit   .     x - +2 cloak of Starlight {rElec rC+ EV+4 Stlth--}
rCorr  .         Warding  .     C - +0 pair of gloves of the Blacksmith {rF+}
rMut   .         Stasis   .     J - +2 pair of boots {Stlth+}
MR     +++..                    L - amulet of clarity
Stlth  +.........               B - ring of protection from fire
                                N - ring of protection from magic

@: studying Fighting, repel missiles, extremely resistant to hostile
enchantments, very unstealthy
A: breathe sticky flame splash, unfitting armour, horns 1, low mp 1, magic
resistance 1, mutation resistance 1, poison resistance, cold-blooded, subdued
magic 1, AC +12
a: Breathe Sticky Flame, Minor Destruction, Lesser Servant of Makhleb, Major
Destruction, Greater Servant of Makhleb, Renounce Religion
0: Orb of Zot
}: 3/15 runes: decaying, silver, gossamer


You escaped.
You worshipped Makhleb.
Makhleb was exalted by your worship.
You were very full.

You visited 10 branches of the dungeon, and saw 54 of its levels.
You also visited: Ossuary and Volcano.

You collected 7110 gold pieces.
You spent 4237 gold pieces at shops.

Inventory:

Missiles
 a - 558 arrows
Armour
 x - the +2 cloak of Starlight (worn) {rElec rC+ EV+4 Stlth--}
   (You found it on level 11 of the Dungeon)

   It affects your evasion (+4).
   It protects you from cold.
   It insulates you from electricity.
   It makes you much less stealthy.
 C - the +0 pair of gloves of the Blacksmith (worn) {rF+}
   (You found it on level 3 of the Elven Halls)

   It protects you from fire.
 J - a +2 pair of boots of stealth (worn)
Magical Staves
 X - an uncursed staff of energy
Rods
 E - a +9 iron rod (17/17)
   (You took it off a frost giant on level 2 of the Depths)
Jewellery
 e - an uncursed ring of protection from magic
 r - an uncursed ring of sustain attributes
 B - a ring of protection from fire (right hand)
 L - an amulet of clarity (around neck)
 M - an uncursed ring of positive energy
 N - a ring of protection from magic (left hand)
 R - the amulet of Wuomydeo {Faith rF++ Str+2 Int+3 Dex-5}
   (You found it on level 5 of the Vaults)

   [amulet of faith]

   It allows you to gain divine favour quickly.
   It affects your strength (+2).
   It affects your intelligence (+3).
   It affects your dexterity (-5).
   It greatly protects you from fire.
 S - an uncursed ring of see invisible
 Y - an uncursed ring of invisibility
Wands
 j - a wand of digging (6)
 t - a wand of draining (6)
 y - a wand of disintegration (10)
 H - a wand of fire (7)
 K - a wand of digging (7)
 O - a wand of hasting (4)
Scrolls
 b - 6 scrolls of fear
 g - 8 scrolls of fog
 h - 5 scrolls of amnesia
 s - 8 scrolls of recharging
 u - 28 scrolls of remove curse
 v - 2 scrolls of holy word
 D - 7 scrolls of identify
 I - 15 scrolls of teleportation
 U - a scroll of magic mapping
 V - 4 scrolls of blinking
Potions
 d - 3 potions of berserk rage
 k - 4 potions of brilliance
 l - 7 potions of magic
 o - a potion of haste
 p - 18 potions of curing
 q - 5 potions of cancellation
 w - 6 potions of invisibility
 z - 10 potions of agility
 G - 2 potions of resistance
 T - 5 potions of heal wounds
Books
 P - a manual of Fighting
Miscellaneous
 m - a disc of storms
 n - a phial of floods
 A - an ornate deck of war {drawn: 5}
 Q - a lamp of fire
 W - the horn of Geryon
Comestibles
 c - 21 bread rations


   Skills:
 + Level 18.5 Fighting
 + Level 14.5 Dodging
 - Level 1.0 Stealth
 * Level 22.9 Unarmed Combat
 + Level 16.5 Spellcasting
 - Level 11.0 Charms
 + Level 8.8 Necromancy
 * Level 12.9 Translocations
 - Level 19.0 Transmutations
 - Level 3.0 Ice Magic
 - Level 4.2 Earth Magic
 - Level 10.4 Invocations
 * Level 15.7 Evocations


You had 15 spell levels left.
You knew the following spells:

 Your Spells              Type           Power        Failure   Level  Hunger
a - Dragon Form           Trmt           #####.....   1%          7    #######
b - Sticks to Snakes      Trmt           #####.....   0%          2    None
c - Song of Slaying       Chrm           ####....     0%          2    None
d - Ice Form              Ice/Trmt       ####....     1%          4    #......
e - Blade Hands           Trmt           #####.....   0%          5    ####...
f - Regeneration          Chrm/Necr      ####......   1%          3    None
g - Repel Missiles        Chrm/Air       ###...       1%          2    None
h - Passage of Golubria   Tloc           N/A          1%          4    #......
i - Statue Form           Trmt/Erth      ####.....    4%          6    ######.
j - Apportation           Tloc           ####......   0%          1    None
k - Shroud of Golubria    Chrm/Tloc      ####......   0%          2    None
l - Dispel Undead         Necr           ###.....     1%          5    ####...


Dungeon Overview and Level Annotations

Branches:
Dungeon (15/15)            Temple (0/1) D:5            Lair (8/8) D:10
  Swamp (4/4) Lair:6       Spider (4/4) Lair:6        Slime (0/6) Lair:6
    Orc (4/4) D:11            Elf (3/3) Orc:3        Vaults (5/5) D:13
  Crypt (0/3) Vaults:2     Depths (5/5) D:15           Hell (1/1)
    Zot (5/5) Depths:5
    Dis: Hell:1         Geh: Hell:1         Coc: Hell:1         Tar: Hell:1

Altars:
Ashenzari
Cheibriados
Fedhas
Kikubaaqudgha
Makhleb
Nemelex Xobeh
Ru
Sif Muna
Vehumet
Yredelemnul
Beogh
Jiyva

Shops:
D:13 *   D:14 =*}:=   Orc:4 (!*?   Elf:1 (   Elf:2 }   Vaults:3 (   Vaults:4 *
Vaults:5 %?!   Depths:4 (   Depths:5 (

Portals:
Hell: Depths:1 Depths:2 Depths:3 Depths:4 Depths:5
Abyss: Depths:4
Pandemonium: Depths:1 Depths:2 Depths:3 Depths:5
Ziggurat: Depths:3

Annotations:
Elf:2 3 runed doors
Depths:2 exclusion: 2 downstairs
Zot:4 Sagrath01's ghost, legendary GrFE


Innate Abilities, Weirdness & Mutations

You can spit globs of burning liquid.
You can ignite nearby creatures when you spit burning liquid.
Your weird mottled scales are hard (AC +12).
Your body does not fit into most forms of armour.
You are cold-blooded and may be slowed by cold attacks.
You have a pair of small horns on your head.
Your magical capacity is low (-10% MP).
You are resistant to hostile enchantments.
You are somewhat resistant to further mutation.
Your system is resistant to poisons.
Your spells are a little easier to cast, but a little less powerful.


Message History

The sixfirhy shocks you. You resist.
A soul eater comes into view.
You hit Kucoipto but do no damage. Kucoipto hits you!!
Casting: Passage of Golubria
Confirm with . or Enter, or press ? or * to list all spells.
Aiming: Passage of Golubria
Press: ? - help, Dir - move target cursor The soul eater moves out of view.
Kucoipto gestures.
A five-headed hydra appears.
You enter the passage of Golubria.
Kucoipto gestures. x2
There is a passage of Golubria here.
The soul eater disappears in a puff of smoke!
The sixfirhy misses you.
The soul eater draws from the surrounding life force!
A bat comes into view.
There is a staircase leading out of the dungeon here.
Unknown command.
You have escaped!

# #..'#≈≈≈##........#######.### #
#..#.....#......#.# #..#.### #
#..≈.)...≈......#.# #..#.... #
#..≈..⌠..≈......#.# #....... #
#..#.....#......#.####...###(
#.###≈≈≈###§≈≈###.3........)>
#####.#......#.....#..####.....#)
....#.#......≈..⌠.&≈...........#.
....#.#......≈.b@34§........(..##
....#.#......#....D#44.#####...##
....#........##≈≈≈#'....#......##
........######........#.#.###..##
................###............##
......####...##...#.####...###...
......# #...###....#.#....+....#
......# #...# #..#.#.#....###..#
......# #...###..#..............


You could see Kucoipto, a five-headed hydra, 2 soul eaters, an orange demon, a
rust devil, a sixfirhy and a bat.

Vanquished Creatures
  5 ancient liches
  7 orbs of fire
  Mara (Vaults:5)
  Boris (twice) (Vaults:2 Depths:5)
  5 large abominations (Vaults:5)
  Margery (Depths:3)
  Saint Roka (Vaults:2)
  3 Killer Klowns
  A caustic shrike (Depths:2)
  Geryon (Hell)
  The ghost of blami the Hoplite, a veteran GrBe of the Shining One (Depths:3)
  6 golden dragons
  Jory (Vaults:2)
  the Enchantress (Depths:2)
  Xtahua (Vaults:2)
  A bone dragon (Depths:5)
  Arachne (Spider:3)
  An electric golem (Zot:5)
  21 Orb Guardians (Zot:5)
  5 tentacled monstrosities
  4 liches
  2 titans (Vaults:5)
  2 deep elf blademasters (Elf:3)
  The ghost of HungrySpirit the Cutthroat, an adept HEAs of Jiyva (Vaults:2)
  The ghost of Gravenous the Basher, an adept NaEE of Ashenzari (Swamp:1)
  A deep elf master archer (Elf:3)
  3 acid blobs (Zot:2)
  5 death cobs
  4 thorn hunters
  Frances (Swamp:2)
  6 sphinxes
  Kirke (D:14)
  7 storm dragons
  4 draconian monks
  4 shadow dragons
  10 tengu reavers
  Wiglaf (Elf:3)
  13 fire giants
  8 deep elf sorcerers
  4 frost giants
  5 draconian knights
  5 ghost moths
  Maud (D:14)
  20 vault wardens
  6 iron dragons
  2 orc warlords
  Aizul (Elf:2)
  3 draconian shifters
  A draconian scorcher (Zot:1)
  7 emperor scorpions
  2 draconian zealots
  An emperor scorpion (shapeshifter) (Vaults:5)
  A balrug (Zot:5)
  2 draconian annihilators
  15 ironheart preservers
  3 spriggan defenders (Depths:1)
  16 very ugly things
  20 stone giants
  A war gargoyle (Vaults:5)
  6 vampire knights
  A draconian caller (Zot:4)
  12 deep elf annihilators
  6 black draconians
  A deep elf demonologist (Elf:3)
  3 green draconians
  5 mottled draconians
  A salamander stormcaller (Vaults:4)
  20 dire elephants (Depths:3)
  2 white draconians
  18 yellow draconians
  4 purple draconians
  16 red draconians
  7 deep elf death magi
  Snorg (Lair:7)
  12 ettins
  A green death (Depths:5)
  15 fire dragons
  Josephine (Lair:4)
  6 entropy weavers
  15 yaktaur captains
  14 great orbs of eyes
  An entropy weaver (shapeshifter) (Vaults:3)
  32 vault guards
  5 jiangshi
  A quicksilver dragon skeleton (Depths:2)
  7 hydras
  8 deep elf high priests
  6 rakshasas
  6 spriggan air magi
  22 ice dragons
  10 centaur warriors
  A ghost crab (Swamp:4)
  7 death yaks
  A catoblepas (Lair:2)
  15 ogre magi
  5 dancing weapons
  5 deep troll earth magi
  7 deep troll shamans
  3 vampire magi
  4 alligators
  8 tengu warriors
  7 spriggan berserkers
  Urug (D:14)
  7 orc high priests
  20 deep elf knights
  Sonja (Lair:2)
  7 hell knights
  2 skeletal warriors
  A sun demon (Zot:5)
  5 giant orange brains
  2 iron trolls
  A fire crab (Vaults:3)
  A salamander mystic (Depths:1)
  2 small abominations
  2 death drakes (shapeshifter)
  5 swamp dragons
  2 phantasmal warriors (Vaults:4)
  21 deep trolls
  15 deep elf summoners
  7 hill giants
  A lindwurm (Lair:8)
  5 unseen horrors
  2 flayed ghosts (Depths:2)
  5 necromancers
  Pikel (D:4)
  A gelid demonspawn (Depths:5)
  24 wizards
  9 ironbrand convokers
  15 deep elf conjurers
  13 orc knights
  7 orb spiders
  A manticore (D:14)
  3 oklob plants (Zot:2)
  A griffon (shapeshifter) (Vaults:4)
  35 ugly things
  An orb spider (shapeshifter) (Elf:3)
  4 orc sorcerers
  10 harpies (Vaults:4)
  38 wolf spiders
  A mana viper (shapeshifter) (Vaults:5)
  3 hornets
  15 griffons
  A sixfirhy (Depths:5)
  4 salamanders
  14 vault sentinels
  2 fire giant skeletons
  11 cyclopes
  A manticore (shapeshifter) (Depths:1)
  3 rust devils (Depths:1)
  A stone giant skeleton (Depths:2)
  Joseph (D:8)
  A smoke demon (Depths:1)
  10 moths of wrath
  8 elephants
  An orange demon (Depths:5)
  A molten gargoyle (Volcano)
  4 black mambas
  An eye of devastation (Lair:6)
  2 torpor snails
  2 human zombies (Vaults:4)
  3 gargoyles
  17 spiny frogs
  2 kobold demonologists
  A yaktaur zombie (Vaults:4)
  12 demonic crawlers
  7 komodo dragons
  45 yaktaurs
  A redback zombie (D:14)
  A red devil (Zot:5)
  A human skeleton (Vaults:4)
  A fire drake (shapeshifter) (D:15)
  A hellwing (Depths:1)
  A spiny frog (shapeshifter) (Depths:2)
  3 tengu conjurers
  6 fire drakes
  An efreet (Zot:4)
  6 deep elf priests
  8 freezing wraiths
  A two-headed ogre (shapeshifter) (Elf:1)
  A wind drake (shapeshifter) (Depths:2)
  The ghost of inmateoo the Ruffian, an amateur DrTm (D:5)
  10 polar bears
  10 giant leeches
  A wolf spider simulacrum (D:15)
  21 jumping spiders
  2 sphinx simulacra (Vaults:2)
  7 trolls
  10 boulder beetles
  2 raiju (Lair:8)
  27 blink frogs
  37 slime creatures
  A fire giant simulacrum (Depths:2)
  2 bog bodies (Swamp:3)
  21 two-headed ogres
  A ynoxinul (Depths:5)
  Sigmund (D:3)
  An ettin skeleton (Vaults:2)
  10 trapdoor spiders
  42 redbacks
  45 yaks
  3 wraiths (Lair:4)
  5 spriggans
  2 water elementals
  23 tarantellas
  2 hogs (D:14)
  27 deep elf fighters
  A wyvern (D:10)
  29 vampire mosquitoes
  40 deep elf magi
  A basilisk (shapeshifter) (Depths:2)
  4 air elementals (Depths:5)
  Eustachio (D:4)
  A tarantella (shapeshifter) (Elf:1)
  3 humans (D:14)
  A neqoxec (Depths:5)
  3 basilisks
  21 fire elementals
  17 wargs
  A human simulacrum (Vaults:2)
  2 hungry ghosts
  A human (shapeshifter) (Vaults:4)
  A wolf (shapeshifter) (Vaults:5)
  Menkaure (Ossuary)
  A mottled dragon (D:15)
  A shadow (Swamp:3)
  4 swamp worm simulacra (Swamp:4)
  Edmund (D:4)
  7 insubstantial wisps
  18 wolves
  7 hippogriffs
  16 water moccasins
  A deep troll zombie (Vaults:2)
  6 porcupines
  A swamp worm (shapeshifter) (D:14)
  15 swamp worms
  13 hydra simulacra (Swamp:4)
  A slave (D:4)
  3 hell hounds (Lair:8)
  75 orc warriors
  2 black bears (shapeshifter)
  7 wasps
  35 spiders
  6 swamp drakes
  An eye of draining (shapeshifter) (Vaults:4)
  14 black bears
  59 ogres
  3 sky beasts
  A necrophage (D:10)
  4 boggarts
  4 ice beasts
  4 phantoms
  A centaur (shapeshifter) (Elf:3)
  11 centaurs
  2 big kobolds (Depths:4)
  11 crocodiles
  3 earth elementals (Volcano)
  22 giant frogs
  2 wyvern skeletons
  6 scorpions
  7 electric eels
  20 killer bees
  10 wights
  7 crimson imps
  4 giant frog zombies
  4 quasits
  3 centaur zombies
  Crazy Yiuf (D:3)
  49 orc priests
  Ijyb (D:2)
  17 hounds
  30 jellies
  2 iron imps (Depths:5)
  40 orc wizards
  9 centaur skeletons
  8 worker ants
  Natasha (twice) (D:4)
  2 giant frog skeletons
  9 iguanas
  18 sheep
  6 ogre zombies (D:11)
  A hound zombie (D:11)
  3 mummies
  A hound skeleton (D:9)
  Robin (D:2)
  27 river rats
  4 gnolls
  14 adders
  3 shadow imps
  A white imp (Depths:5)
  An ufetubus (D:7)
  6 oozes
  4 swamp drake simulacra (Swamp:4)
  6 worms
  4 adder skeletons
  2 adder zombies
  7 giant geckos
  214 orcs
  11 bats
  9 giant cockroaches
  2 gnoll zombies (Ossuary)
  16 goblins
  13 hobgoblins
  14 jackals
  7 kobolds
  6 quokkas
  2 ball pythons
  7 giant newts
  A gnoll skeleton (Ossuary)
  4 goblin skeletons
  4 goblin zombies (Ossuary)
  5 hobgoblin skeletons
  2 hobgoblin zombies (Ossuary)
  3 kobold skeletons (Ossuary)
  2 kobold zombies (Ossuary)
  3 orc skeletons
  17 orc zombies
  2 quokka skeletons
  4 rats
  4 rat skeletons (Ossuary)
  5 rat zombies (Ossuary)
  6 briar patches
  A butterfly (Lair:1)
  6 crawling corpses
  A fungus (Lair:7)
  A plant (Lair:7)
2588 creatures vanquished.

Vanquished Creatures (collateral kills)
  A titan (Vaults:5)
  A sphinx (Vaults:5)
  A storm dragon (Depths:2)
  A tengu reaver (Vaults:5)
  An ironheart preserver (Vaults:5)
  Nessos (Orc:4)
  A deep elf demonologist (Vaults:5)
  A deep elf death mage (Vaults:5)
  An ettin (Vaults:5)
  3 hydras
  A centaur warrior (D:14)
  2 death yaks (Lair:8)
  An unseen horror (D:15)
  A swamp dragon (Swamp:4)
  An ironbrand convoker (Vaults:5)
  A spriggan druid (Swamp:4)
  5 orb spiders
  An oklob plant (Zot:2)
  2 ugly things (D:15)
  A cyclops (D:14)
  An elephant (Lair:8)
  A rust devil (Depths:1)
  2 spiny frogs (Lair:8)
  A centaur skeleton (D:14)
  3 yaktaurs
  A tormentor (Hell)
  A deep elf priest (Vaults:5)
  A two-headed ogre (Vaults:5)
  A bog body (Swamp:1)
  3 wraiths
  A spriggan (Swamp:4)
  A hippogriff (Lair:4)
  2 shadows
  A tarantella (Spider:4)
  12 yaks
  A basilisk (Lair:4)
  A hungry ghost (D:15)
  A naga (D:14)
  An insubstantial wisp (Swamp:1)
  2 swamp worms
  2 swamp drakes (Swamp:1)
  A centaur (D:14)
  3 crocodiles
  2 giant frogs
  3 electric eels (Lair:4)
  7 wights
  A quasit (D:15)
  An iguana (Lair:4)
  2 sheep (Lair:8)
  9 river rats
  2 shadow imps (D:15)
  An ufetubus (Depths:5)
  2 orcs (Orc:4)
  A fungus (Lair:8)
103 creatures vanquished.

Vanquished Creatures (others)
  An azure jelly (Swamp:4)
  A draconian scorcher (Zot:2)
  A green draconian (Zot:5)
  A vampire knight (Depths:1)
  A merfolk impaler (Swamp:1)
  A hydra (Swamp:4)
  2 alligators (Swamp:4)
  A cyclops (D:15)
  A moth of wrath (Zot:4)
  A blink frog (Swamp:4)
  A human (D:14)
  2 deep elf fighters
  A mummy (Ossuary)
  An orc (Vaults:4)
  A gnoll skeleton (Ossuary)
  3 goblin skeletons (Ossuary)
  A goblin zombie (Ossuary)
  A hobgoblin skeleton (Ossuary)
  A kobold skeleton (Ossuary)
  A kobold zombie (Ossuary)
  4 orc skeletons (Ossuary)
  A rat skeleton (Ossuary)
  4 rat zombies (Ossuary)
  4 bushes (Lair:3)
  A crawling corpse (Vaults:5)
  36 fungi
  18 plants
92 creatures vanquished.

Grand Total: 2783 creatures vanquished

Notes
Turn   | Place    | Note
--------------------------------------------------------------
     0 | D:1      | inmateoo the Draconian Transmuter began the quest for the Orb.
     0 | D:1      | Reached XP level 1. HP: 16/16 MP: 3/3
   103 | D:1      | Reached XP level 2. HP: 21/23 MP: 5/5
   785 | D:2      | Noticed Robin
   788 | D:1      | Reached XP level 3. HP: 25/28 MP: 6/6
   893 | D:2      | Noticed Ijyb
   930 | D:2      | Killed Ijyb
   930 | D:2      | Reached skill level 4 in Unarmed Combat
  1341 | D:1      | Reached XP level 4. HP: 25/35 MP: 7/7
  1436 | D:2      | Killed Robin
  1603 | D:2      | Found a blossoming altar of Fedhas.
  1759 | D:2      | Found a burning altar of Makhleb.
  1764 | D:2      | Became a worshipper of Makhleb the Destroyer
  2042 | D:2      | Learned a level 2 spell: Sticks to Snakes
  2046 | D:2      | Learned a level 3 spell: Spider Form
  2654 | D:2      | Reached XP level 5. HP: 39/41 MP: 8/8
  2948 | D:3      | Reached skill level 1 in Stealth
  2962 | D:3      | Reached * piety under Makhleb
  3143 | D:3      | Noticed Sigmund
  3161 | D:3      | Killed Sigmund
  3161 | D:3      | Reached skill level 5 in Unarmed Combat
  3161 | D:3      | Reached XP level 6. HP: 34/50 MP: 3/10
  3324 | D:3      | Found a deep blue altar of Sif Muna.
  3651 | D:3      | Noticed Crazy Yiuf
  3658 | D:3      | Killed Crazy Yiuf
  4093 | D:4      | Found a shattered altar of Ashenzari.
  4253 | D:4      | Your scales start taking on a weird mottled colour.
  4253 | D:4      | Reached XP level 7. HP: 55/57 MP: 1/11
  4334 | D:4      | Noticed Edmund
  4352 | D:4      | Killed Edmund
  4415 | D:4      | Reached ** piety under Makhleb
  4419 | D:4      | Noticed Natasha
  4441 | D:4      | Killed Natasha
  4508 | D:4      | Noticed Natasha
  4514 | D:4      | Killed Natasha
  4717 | D:4      | Noticed Eustachio
  4728 | D:4      | Killed Eustachio
  4832 | D:4      | Noticed Pikel
  4861 | D:4      | Killed Pikel
  4861 | D:4      | Reached skill level 6 in Unarmed Combat
  4861 | D:4      | Reached skill level 5 in Transmutations
  4861 | D:4      | Reached XP level 8. HP: 41/66 MP: 6/13
  4941 | D:5      | Entered Level 5 of the Dungeon
  4956 | D:5      | Learned a level 4 spell: Ice Form
  5029 | D:5      | Found a sand-covered staircase.
  5041 | Ossuary  | Entered an ossuary
  5240 | Ossuary  | Reached *** piety under Makhleb
  5318 | Ossuary  | Noticed Menkaure
  5330 | Ossuary  | Killed Menkaure
  5451 | D:5      | Reached skill level 1 in Ice Magic
  5774 | D:5      | Reached skill level 7 in Unarmed Combat
  5941 | D:5      | Noticed inmateoo's ghost (amateur DrTm)
  6054 | D:5      | Killed inmateoo's ghost
  6054 | D:5      | Reached XP level 9. HP: 47/73 MP: 10/15
  6258 | D:5      | Reached skill level 5 in Fighting
  6332 | D:5      | Found a staircase to the Ecumenical Temple.
  6470 | D:5      | Learned a level 5 spell: Blade Hands
  6883 | D:6      | Reached skill level 5 in Dodging
  6929 | D:6      | Reached **** piety under Makhleb
  7781 | D:7      | You fall through a shaft for 2 floors!
  7901 | D:9      | Found a sacrificial altar of Ru.
  7940 | D:8      | Reached skill level 8 in Unarmed Combat
  8012 | D:8      | Found a radiant altar of Vehumet.
  8345 | D:8      | Found a snail-covered altar of Cheibriados.
  8565 | D:8      | Reached skill level 5 in Spellcasting
  8565 | D:8      | Reached XP level 10. HP: 78/83 MP: 15/17
  8619 | D:8      | Noticed Joseph
  8639 | D:8      | Killed Joseph
  8656 | D:8      | Gained mutation: Your magical capacity is low (-10% MP). [mutagenic meat]
  8657 | D:8      | Gained mutation: You are resistant to hostile enchantments. [mutagenic meat]
  8658 | D:8      | Gained mutation: You are somewhat resistant to further mutation. [mutagenic meat]
  8742 | D:8      | Reached ***** piety under Makhleb
  9813 | D:9      | Reached skill level 9 in Unarmed Combat
  9935 | D:9      | Identified a scroll of acquirement
 10363 | D:10     | Entered Level 10 of the Dungeon
 10367 | D:10     | Noticed a hill giant
 10390 | D:10     | Killed a hill giant
 10757 | D:10     | Found a staircase to the Lair.
 10757 | D:10     | Noticed an elephant
 10769 | D:10     | Killed an elephant
 10963 | D:10     | Killed an unseen horror
 10963 | D:10     | Reached XP level 11. HP: 56/92 MP: 11/17
 11971 | D:10     | Reached skill level 10 in Unarmed Combat
 12490 | D:10     | Reached skill level 1 in Invocations
 12816 | D:11     | Reached ****** piety under Makhleb
 13021 | D:11     | Found a staircase to the Orcish Mines.
 13982 | D:12     | Found a burning altar of Makhleb.
 14209 | D:12     | Noticed a hill giant
 14218 | D:12     | Killed a hill giant
 14300 | D:12     | Reached skill level 10 in Transmutations
 14300 | D:12     | Reached XP level 12. HP: 75/101 MP: 14/19
 14588 | D:11     | Reached skill level 11 in Unarmed Combat
 15618 | D:13     | Noticed a centaur warrior
 15733 | Lair:1   | Entered Level 1 of the Lair of Beasts
 15821 | Lair:1   | Gained mutation: Your spells are a little easier to cast, but a little less powerful. [potion of mutation]
 15822 | Lair:1   | Gained mutation: You have a pair of small horns on your head. [potion of mutation]
 15822 | Lair:1   | Gained mutation: Your system is resistant to poisons. [potion of mutation]
 16026 | Lair:1   | Reached skill level 5 in Invocations
 16916 | Lair:2   | Noticed Sonja
 16938 | Lair:2   | Killed Sonja
 17585 | Lair:2   | Noticed a catoblepas
 17598 | Lair:2   | Killed a catoblepas
 17948 | Lair:2   | Reached XP level 13. HP: 111/111 MP: 16/21
 18067 | Lair:3   | Reached skill level 12 in Unarmed Combat
 19675 | Lair:4   | Noticed Josephine
 19685 | Lair:4   | Killed Josephine
 20158 | Lair:5   | Found a dark tunnel.
 20204 | Volcano  | Entered a volcano
 20396 | Lair:5   | Reached skill level 10 in Fighting
 20396 | Lair:5   | Reached skill level 13 in Unarmed Combat
 20396 | Lair:5   | Reached XP level 14. HP: 121/121 MP: 23/23
 21323 | Lair:6   | Found a hole to the Spider Nest.
 21430 | Lair:6   | Found a staircase to the Swamp.
 21448 | Lair:6   | Reached XP level 15. HP: 126/126 MP: 19/24
 21915 | Lair:6   | Found a viscous altar of Jiyva.
 21916 | Lair:6   | Found a staircase to the Slime Pits.
 22423 | Lair:7   | Noticed Snorg
 22434 | Lair:7   | Killed Snorg
 22738 | Lair:7   | Learned a level 3 spell: Regeneration
 22741 | Lair:7   | Learned a level 2 spell: Repel Missiles
 22895 | Lair:8   | Entered Level 8 of the Lair of Beasts
 23297 | Lair:8   | Learned a level 7 spell: Dragon Form
 24294 | Orc:1    | Entered Level 1 of the Orcish Mines
 24764 | Orc:2    | Reached skill level 14 in Unarmed Combat
 24872 | Orc:2    | Found a roughly hewn altar of Beogh.
 25134 | Orc:3    | Found a staircase to the Elven Halls.
 25787 | Orc:4    | Entered Level 4 of the Orcish Mines
 25857 | Orc:4    | Noticed Nessos
 25884 | Orc:4    | Killed Nessos
 26169 | Orc:4    | Found Afrodyel's General Store.
 26174 | Orc:4    | Upgraded the game from 0.17.0-15-g6d90897 to 0.17.0-18-gaab0e96
 26362 | Orc:4    | Found a roughly hewn altar of Beogh.
 26446 | Orc:4    | Found Puorph's Magic Scroll Shop.
 26466 | Orc:4    | Bought a scroll of identify for 28 gold pieces
 26466 | Orc:4    | Bought a scroll of identify for 28 gold pieces
 27294 | Orc:4    | Reached XP level 16. HP: 137/137 MP: 7/26
 27306 | Orc:4    | Reached skill level 1 in Evocations
 27427 | Orc:4    | Found Yruom's Weapon Shoppe.
 27437 | Orc:4    | Reached skill level 10 in Dodging
 27502 | Orc:4    | Found a roughly hewn altar of Beogh.
 27569 | Orc:4    | Found Zaloitih's Distillery.
 27585 | Orc:4    | Reached skill level 10 in Spellcasting
 27589 | Orc:4    | Bought a potion of might for 52 gold pieces
 27589 | Orc:4    | Bought a potion of haste for 130 gold pieces
 27589 | Orc:4    | Bought a potion of curing for 39 gold pieces
 27589 | Orc:4    | Bought a potion of cancellation for 104 gold pieces
 27589 | Orc:4    | Bought a potion of might for 52 gold pieces
 27589 | Orc:4    | Bought a potion of berserk rage for 65 gold pieces
 27589 | Orc:4    | Bought a potion of brilliance for 52 gold pieces
 27700 | Orc:4    | Bought a scroll of remove curse for 42 gold pieces
 27700 | Orc:4    | Bought a scroll of identify for 28 gold pieces
 27700 | Orc:4    | Bought a scroll of enchant armour for 105 gold pieces
 27700 | Orc:4    | Bought a scroll of enchant armour for 105 gold pieces
 27700 | Orc:4    | Bought a scroll of recharging for 133 gold pieces
 27700 | Orc:4    | Bought a scroll of torment for 105 gold pieces
 27708 | Orc:4    | Learned a level 6 spell: Statue Form
 28103 | Elf:1    | Entered Level 1 of the Elven Halls
 28331 | Elf:1    | Reached skill level 1 in Necromancy
 28572 | Elf:1    | Found Suwnegot's Weapon Shop.
 29162 | Elf:1    | Identified the Reference Book on Blows and Bruises and Flames
 29599 | Elf:2    | Found Vieczoge's Gadget Boutique.
 29697 | Elf:2    | Bought a disc of storms for 360 gold pieces
 29978 | Elf:2    | Noticed Aizul
 29987 | Elf:2    | Killed Aizul
 30040 | Elf:2    | Found a runed gate.
 30040 | Elf:2    | Found a runed gate.
 30040 | Elf:2    | Found a runed gate.
 30340 | Elf:2    | Reached skill level 15 in Unarmed Combat
 30541 | Elf:3    | Entered Level 3 of the Elven Halls
 30594 | Elf:3    | Noticed Wiglaf
 30602 | Elf:3    | Killed Wiglaf
 30602 | Elf:3    | Reached skill level 5 in Evocations
 30605 | Elf:3    | Found a deep blue altar of Sif Muna.
 30672 | Elf:3    | Found a flickering gateway to a bazaar.
 30823 | Elf:3    | Reached XP level 17. HP: 146/146 MP: 20/28
 31165 | Elf:3    | Noticed a Hell Sentinel
 31487 | Elf:3    | Noticed a deep elf blademaster
 31499 | Elf:3    | Killed a deep elf blademaster
 31575 | Elf:3    | Noticed a deep elf master archer
 31584 | Elf:3    | Killed a deep elf master archer
 31927 | Elf:3    | Got a pitted steel ring
 31960 | Elf:3    | Identified the ring "Ysar" {+/*Tele Int+2 Dex+5} (You took it off a deep elf annihilator on level 3 of the Elven Halls)
 32055 | Elf:3    | Reached skill level 15 in Transmutations
 32133 | Elf:3    | Noticed a deep elf blademaster
 32160 | Elf:3    | Killed a deep elf blademaster
 32332 | Elf:3    | Learned a level 7 spell: Dragon Form
 32337 | Elf:3    | Learned a level 4 spell: Passage of Golubria
 32343 | Elf:3    | Learned a level 1 spell: Apportation
 32360 | Elf:3    | Got a pair of faintly glowing gloves
 32371 | Elf:3    | Identified the +0 pair of gloves of the Blacksmith {rF+} (You found it on level 3 of the Elven Halls)
 32415 | Elf:3    | Drew Focus: Dex increased to 17, Int decreased to 13
 32560 | Elf:3    | Reached skill level 1 in Charms
 32989 | D:13     | Found Teoforaiwk's Assorted Antiques.
 33002 | D:13     | Bought a scroll of magic mapping for 101 gold pieces
 33002 | D:13     | Bought a scroll of identify for 58 gold pieces
 33002 | D:13     | Bought a pearl ring for 145 gold pieces
 33157 | D:13     | Killed a centaur warrior
 33157 | D:13     | Reached skill level 1 in Translocations
 33471 | D:13     | Found a gate to the Vaults.
 33615 | D:14     | Found Daecifyxt's Jewellery Boutique.
 33762 | D:14     | Found Qesaom's General Store.
 33765 | D:14     | Bought a potion of might for 64 gold pieces
 33765 | D:14     | Bought a potion of agility for 64 gold pieces
 33765 | D:14     | Bought a scroll of amnesia for 56 gold pieces
 33838 | D:14     | Noticed Urug
 33840 | D:14     | Noticed Maud
 33854 | D:14     | Killed Maud
 33854 | D:14     | Reached skill level 10 in Invocations
 33863 | D:14     | Killed Urug
 33986 | D:14     | Found Nafun's Gadget Shoppe.
 33993 | D:14     | Bought a wand of hasting (2) for 468 gold pieces
 33993 | D:14     | Bought a plain deck of wonders for 182 gold pieces
 33998 | D:14     | Noticed Kirke
 34009 | D:14     | Killed Kirke
 34034 | D:14     | Hired Ysaenora the merfolk for 287 gold.
 34035 | D:14     | Drew Focus: Dex increased to 18, Int decreased to 12
 34052 | D:14     | Learned a level 2 spell: Song of Slaying
 34055 | D:14     | Learned a level 2 spell: Shroud of Golubria
 34058 | D:14     | Drew Focus: Dex increased to 19, Int decreased to 11
 34118 | D:14     | Found Cixzirorr's Book Emporium.
 34211 | D:14     | Found a runed door.
 34377 | D:14     | Found Losecsei's Jewellery Emporium.
 34584 | D:15     | Entered Level 15 of the Dungeon
 34618 | D:15     | Reached XP level 18. HP: 155/155 MP: 28/30
 35094 | D:15     | Found a staircase to the Depths.
 35661 | Swamp:1  | Entered Level 1 of the Swamp
 35665 | Swamp:1  | Found an ancient bone altar of Kikubaaqudgha.
 35680 | Swamp:1  | Learned a level 2 spell: Cure Poison
 35767 | Swamp:1  | Noticed Gravenous's ghost (adept NaEE)
 35780 | Swamp:1  | Killed Gravenous's ghost
 35846 | Swamp:1  | Your ally Ysaenora died
 36357 | Swamp:2  | Noticed Frances
 36365 | Swamp:2  | Killed Frances
 36961 | Swamp:2  | You fall through a shaft!
 37590 | Swamp:3  | Reached skill level 16 in Unarmed Combat
 38106 | Swamp:4  | Entered Level 4 of the Swamp
 38815 | Swamp:4  | Found a burning altar of Makhleb.
 39230 | Swamp:4  | Got a decaying rune of Zot
 39505 | Spider:1 | Entered Level 1 of the Spider Nest
 41933 | Spider:3 | Noticed Arachne
 41943 | Spider:3 | Killed Arachne
 41943 | Spider:3 | Reached XP level 19. HP: 163/163 MP: 24/31
 42157 | Spider:3 | Reached skill level 5 in Translocations
 42611 | Spider:4 | Entered Level 4 of the Spider Nest
 42849 | Spider:4 | Reached skill level 5 in Charms
 43052 | Spider:4 | Got a gossamer rune of Zot
 44538 | Vaults:1 | Entered Level 1 of the Vaults
 44709 | Vaults:1 | Reached skill level 17 in Unarmed Combat
 45136 | Vaults:1 | Reached skill level 1 in Earth Magic
 45697 | Vaults:2 | Noticed Boris
 45712 | Vaults:2 | Killed Boris
 45795 | Vaults:2 | Reached XP level 20. HP: 173/173 MP: 22/32
 45922 | Vaults:2 | Noticed HungrySpirit's ghost (adept HEAs)
 45949 | Vaults:2 | Killed HungrySpirit's ghost
 46432 | Vaults:2 | Noticed Xtahua
 46437 | Vaults:2 | Noticed Jory
 46438 | Vaults:2 | Killed Xtahua
 46449 | Vaults:2 | Killed Jory
 46671 | Vaults:2 | Found a staircase to the Crypt.
 46671 | Vaults:2 | Found an ancient bone altar of Kikubaaqudgha.
 46679 | Vaults:2 | Found a basalt altar of Yredelemnul.
 46735 | Vaults:2 | Noticed Saint Roka
 46753 | Vaults:2 | Killed Saint Roka
 47401 | Vaults:3 | Found Javuntul's Weapon Emporium.
 47524 | Vaults:3 | Reached skill level 18 in Unarmed Combat
 48169 | Vaults:4 | Found Yjoliess's Assorted Antiques.
 48175 | Vaults:4 | Bought a potion of agility for 152 gold pieces
 48175 | Vaults:4 | Bought a potion of heal wounds for 190 gold pieces
 48175 | Vaults:4 | Bought a scroll of blinking for 285 gold pieces
 48175 | Vaults:4 | Bought a scroll of identify for 76 gold pieces
 48175 | Vaults:4 | Bought a scroll of fog for 76 gold pieces
 48703 | Vaults:4 | Reached XP level 21. HP: 181/181 MP: 21/34
 49215 | Vaults:5 | Entered Level 5 of the Vaults
 49227 | Vaults:5 | Reached skill level 19 in Unarmed Combat
 49535 | Vaults:5 | Found Plog's Magic Scroll Shoppe.
 49545 | Vaults:5 | Found Xivuxym's Food Boutique.
 49675 | Vaults:5 | Noticed an ancient lich
 49688 | Vaults:5 | Killed an ancient lich
 49688 | Vaults:5 | Reached XP level 22. HP: 189/189 MP: 34/36
 49698 | Vaults:5 | Noticed Mara
 49715 | Vaults:5 | Reached skill level 20 in Unarmed Combat
 49745 | Vaults:5 | Killed Mara
 50317 | Vaults:5 | Got a wavering graven amulet
 50319 | Vaults:5 | Identified the amulet of Wuomydeo {Faith rF++ Str+2 Int+3 Dex-5} (You found it on level 5 of the Vaults)
 50534 | Vaults:5 | Reached skill level 10 in Evocations
 50623 | Vaults:5 | Got a silver rune of Zot
 50767 | Vaults:5 | Bought a scroll of identify for 44 gold pieces
 50774 | Vaults:5 | Found Wouquc's Distillery.
 50779 | Vaults:5 | Bought a potion of curing for 48 gold pieces
 50779 | Vaults:5 | Bought a potion of curing for 48 gold pieces
 50779 | Vaults:5 | Bought a potion of haste for 160 gold pieces
 50779 | Vaults:5 | Bought a potion of resistance for 160 gold pieces
 50779 | Vaults:5 | Bought a potion of resistance for 160 gold pieces
 50779 | Vaults:5 | Bought a potion of brilliance for 64 gold pieces
 50779 | Vaults:5 | Bought a potion of heal wounds for 80 gold pieces
 50779 | Vaults:5 | Bought a potion of invisibility for 128 gold pieces
 51476 | Depths:1 | Entered Level 1 of the Depths
 51941 | Depths:1 | Found a one-way gate leading to the halls of Pandemonium.
 52209 | Depths:1 | Found a gateway to Hell.
 52544 | Depths:1 | Reached XP level 23. HP: 196/196 MP: 33/37
 52731 | Depths:2 | Noticed the Enchantress
 52750 | Depths:2 | Killed the Enchantress
 53168 | Depths:2 | Reached skill level 15 in Spellcasting
 53257 | Depths:2 | Reached skill level 21 in Unarmed Combat
 54075 | Depths:2 | Reached skill level 15 in Fighting
 54295 | Depths:3 | Reached XP level 24. HP: 206/206 MP: 24/38
 54378 | Depths:3 | Learned a level 5 spell: Dispel Undead
 54421 | Depths:3 | Noticed blami's ghost (veteran GrBe)
 54428 | Depths:3 | Killed blami's ghost
 54699 | Depths:3 | Found a gateway to a ziggurat.
 55113 | Depths:4 | Noticed Margery
 55186 | Hell     | Entered the Vestibule of Hell
 55186 | Hell     | Noticed Geryon
 55195 | Hell     | Killed Geryon
 55217 | Depths:4 | Found Rebay's Weapon Shop.
 55372 | Depths:3 | Killed Margery
 55509 | Depths:4 | Reached skill level 5 in Necromancy
 55579 | Depths:4 | Found a one-way gate to the infinite horrors of the Abyss.
 56442 | Depths:5 | Entered Level 5 of the Depths
 56463 | Depths:5 | Noticed Boris
 56494 | Depths:5 | Killed Boris
 56494 | Depths:5 | Reached skill level 10 in Charms
 56890 | Depths:5 | Found a sparkling altar of Nemelex Xobeh.
 57063 | Depths:5 | Found a gate to the Realm of Zot.
 57198 | Depths:5 | Found Ciela's Weapon Emporium.
 57374 | Zot:1    | Entered Level 1 of the Realm of Zot
 57384 | Zot:1    | Reached XP level 25. HP: 216/216 MP: 32/38
 57443 | Zot:1    | Noticed an orb of fire
 57449 | Zot:1    | Killed an orb of fire
 57449 | Zot:1    | Reached skill level 10 in Translocations
 57623 | Zot:2    | Reached skill level 22 in Unarmed Combat
 57874 | Zot:4    | Noticed Sagrath01's ghost (legendary GrFE)
 58293 | Zot:4    | Noticed an orb of fire
 58298 | Zot:4    | Killed an orb of fire
 58384 | Zot:5    | Entered Level 5 of the Realm of Zot
 58791 | Zot:5    | Reached XP level 26. HP: 229/229 MP: 35/38
 58910 | Zot:5    | Noticed an ancient lich
 58918 | Zot:5    | Killed an ancient lich
 58937 | Zot:5    | Noticed an orb of fire
 58945 | Zot:5    | Noticed an orb of fire
 58950 | Zot:5    | Noticed an ancient lich
 58956 | Zot:5    | Killed an orb of fire
 58959 | Zot:5    | Killed an orb of fire
 58961 | Zot:5    | Reached skill level 15 in Evocations
 58962 | Zot:5    | Noticed an orb of fire
 58965 | Zot:5    | Killed an ancient lich
 58972 | Zot:5    | Killed an orb of fire
 59097 | Zot:5    | Noticed an orb of fire
 59107 | Zot:5    | Killed an orb of fire
 59122 | Zot:5    | Noticed an ancient lich
 59131 | Zot:5    | Killed an ancient lich
 59155 | Zot:5    | Got a pair of steaming boots
 59156 | Zot:5    | Identified the +0 pair of boots "Fiwnug" {Int+2} (You acquired it on level 5 of the Realm of Zot)
 59222 | Zot:5    | Noticed an orb of fire
 59238 | Zot:5    | Killed an orb of fire
 59309 | Zot:5    | Noticed an ancient lich
 59316 | Zot:5    | Killed an ancient lich
 59330 | Zot:5    | Got the Orb of Zot
 59837 | D:1      | Noticed Kucoipto the pandemonium lord
 59844 | D:$      | Escaped with the Orb!

Action                   |  1- 3 |  4- 6 |  7- 9 | 10-12 | 13-15 | 16-18 | 19-21 | 22-24 | 25-27 || total
-------------------------+-------+-------+-------+-------+-------+-------+-------+-------+-------++-------
Melee: Unarmed           |   131 |   243 |   510 |   995 |  1419 |  1655 |  1281 |  1196 |   490 ||  7920
 Cast: Beastly Appendage |     2 |    14 |     3 |       |       |       |       |       |       ||    19
       Spider Form       |       |     6 |    17 |     4 |       |       |       |       |       ||    27
       Ice Form          |       |       |     6 |    17 |     1 |     5 |       |       |       ||    29
       Blade Hands       |       |       |       |    29 |    49 |    18 |     6 |     3 |       ||   105
       Sticks to Snakes  |       |       |       |     4 |     3 |    11 |    11 |       |       ||    29
       Dragon Form       |       |       |       |       |    13 |    58 |    49 |    53 |    22 ||   195
       Regeneration      |       |       |       |       |     9 |    24 |    14 |    50 |    11 ||   108
       Repel Missiles    |       |       |       |       |     4 |     9 |     5 |    14 |     3 ||    35
       Shroud of Golubri |       |       |       |       |       |     1 |     6 |    10 |       ||    17
       Passage of Golubr |       |       |       |       |       |     1 |       |     3 |    21 ||    25
       Song of Slaying   |       |       |       |       |       |       |     5 |     8 |     5 ||    18
       Statue Form       |       |       |       |       |       |       |     2 |     5 |       ||     7
       Dispel Undead     |       |       |       |       |       |       |       |       |     2 ||     2
       Apportation       |       |       |       |       |       |       |       |       |     1 ||     1
Invok: Greater Servant o |       |       |       |       |     4 |     1 |     1 |     2 |       ||     8
       Lesser Servant of |       |       |       |       |     1 |       |       |       |       ||     1
 Abil: Breathe Sticky Fl |       |       |     7 |       |       |     1 |     3 |     6 |     3 ||    20
       End Transformatio |       |       |       |       |       |     2 |     1 |     3 |       ||     6
Evoke: Wand              |       |       |       |     5 |       |     6 |     1 |     5 |    15 ||    32
       Deck              |       |       |       |       |       |    17 |     2 |     1 |       ||    20
       Lamp of fire      |       |       |       |       |       |     1 |     4 |     4 |     1 ||    10
       Phial of floods   |       |       |       |       |       |     2 |     3 |     5 |       ||    10
       Staff of energy   |       |       |       |       |       |       |       |     8 |       ||     8
       Disc of storms    |       |       |       |       |       |       |       |     4 |       ||     4
       Rod               |       |       |       |       |       |       |       |     1 |       ||     1
  Use: Scroll            |       |     5 |    12 |    11 |     9 |    18 |     4 |    20 |    10 ||    89
       Potion            |       |       |       |     6 |     1 |     3 |     9 |     3 |    10 ||    32
 Stab: Sleeping          |     2 |     3 |     7 |     9 |       |       |     1 |       |       ||    22
       Distracted        |       |       |     2 |       |     2 |     3 |       |     1 |     2 ||    10
       Invisible         |       |       |       |       |       |       |    14 |       |       ||    14
  Eat: Chunk             |     2 |    10 |    14 |    32 |    39 |    44 |    33 |     2 |       ||   176
       Beef jerky        |       |       |     1 |     2 |     1 |     8 |       |    16 |     1 ||    29
       Pizza             |       |       |     1 |     2 |     1 |     3 |     2 |       |       ||     9
       Royal jelly       |       |       |     1 |     1 |       |     1 |       |     2 |     8 ||    13
       Meat ration       |       |       |     1 |     1 |     1 |     7 |     4 |     6 |     1 ||    21
       Fruit             |       |       |       |     3 |     8 |     4 |     4 |     1 |     5 ||    25
       Bread ration      |       |       |       |       |       |       |       |     1 |     9 ||    10
